 Dungeon Crawl Stone Soup version 0.30-a0-949-g53dc5368d7 (webtiles) character file.

Game seed: 14300308380010768010

53 retardedninja the Ducker (level 3, 0/25 HPs)
             Began as a Vampire Gladiator on Mar 27, 2023.
             Slain by Terence
             ... wielding a +0 flail
              (8 damage)
             ... on level 2 of the Dungeon.
             The game lasted 00:02:43 (863 turns).

retardedninja the Ducker (Vampire Gladiator)         Turns: 863, Time: 00:02:43

Health: 0/25       AC:  4    Str: 15    XL:     3   Next: 62%
Magic:  3/3        EV: 13    Int: 10    God:
Gold:   65         SH:  0    Dex: 15    Spells: 2/2 levels left

rFire   . . .      SeeInvis +    a - +0 rapier
rCold   . . .      Faith    .    (no shield)
rNeg    . . .      Spirit   .    b - +0 leather armour
rPois   .          Reflect  .    c - +0 helmet
rElec   .          Rampage  .    (no cloak)
rCorr   .                        (no gloves)
Will    .....                    (no boots)
Stlth   +                        (no amulet)
HPRegen 0.44/turn                (no ring)
MPRegen 0.08/turn                (no ring)

@: healing quickly
A: alive, fangs 3, see invisible, vampiric 2, [frail 1]
a: Exsanguinate


You were on level 2 of the Dungeon.
You visited 1 branch of the dungeon, and saw 2 of its levels.

You collected 65 gold pieces.

Inventory:

Hand Weapons
 a - a +0 rapier (weapon)
Missiles
 d - 3 throwing nets (quivered)
 e - a javelin
Armour
 b - a +0 leather armour (worn)
 c - a +0 helmet (worn)
Scrolls
 i - a scroll of enchant weapon {unknown}
Potions
 f - a potion of curing {unknown}
 g - a potion of berserk rage {unknown}
 h - 2 potions of might {unknown}
 j - a potion of brilliance {unknown}
 k - a potion of lignification {unknown}


   Skills:
 + Level 2.4 Fighting
 + Level 3.8 Short Blades
 + Level 2.1 Throwing
 + Level 3.8 Dodging


You had 2 spell levels left.
You didn't know any spells.
Your spell library contained the following spells:

 Spells                   Type           Power      Damage    Failure   Level
 Slow                     Hex            0%         N/A       43%         1
 Confusing Touch          Hex            0%         N/A       80%         3
 Vampiric Draining        Necr           0%         2d6       80%         3


Dungeon Overview and Level Annotations

Branches:
Dungeon (2/15)

Altars:

Annotations:
D:2 Terence


Innate Abilities, Weirdness & Mutations

Your natural rate of healing is accelerated.
You have razor-sharp teeth.
You have supernaturally acute eyesight. (SInv)
You are afflicted with vampirism and can become a bat while bloodless.
[You are frail. (-10% HP)]


Message History

Terence closely misses you.
You hit Terence.
Terence is heavily wounded.
Terence barely misses you.
You hit Terence.
Terence is heavily wounded.
Terence misses you.
You barely miss Terence. Your bite misses Terence.
Terence is heavily wounded.
Terence hits you but does no damage.
Unknown command.
You hit Terence.
Terence is severely wounded.
Terence completely misses you. The dart slug launches a dart at you.
The slug dart hits you.
You hit Terence but do no damage.
Terence is severely wounded.
Terence closely misses you. The dart slug closely misses you.
You hit Terence but do no damage.
Terence is severely wounded.
Terence hits you with a +0 flail.
* * * LOW HITPOINT WARNING * * *
The dart slug misses you.
You hit Terence.
Terence is severely wounded.
Terence closely misses you.
You are too injured to fight recklessly!
You barely miss Terence.
Terence is severely wounded.
Terence barely misses you. The dart slug barely misses you.
Unknown command.
You hit Terence.
Terence is almost dead.
Terence misses you.
The dart slug bites you but does no damage.
You hit Terence but do no damage. You bite Terence.
Terence is almost dead.
Terence hits you with a +0 flail!
You die...

....###.#
#...##.##.
#...#.#..
#.#.#.#.###
#...#.#...
###...#.## .
#......##
.(..#####'#.#...#
......w@...:..#.##
.......@......#..#
..............##.##
..............##..#
...........##.###.#
...........##.# #.#
...........##.#
#.##
##.........##.#
#..# #.####'#####


You could see Terence and a dart slug.

Vanquished Creatures
  An adder (D:2)
  A worm (D:2)
  A dart slug (D:1)
  4 bats (D:1)
  5 endoplasms
  3 goblins (D:1)
  2 hobgoblins
  8 jackals
  3 ball pythons
  2 frilled lizards (D:1)
  4 rats
34 creatures vanquished.

Notes
Turn   | Place    | Note
-------+----------+-------------------------------------------
     0 | D:1      | retardedninja the Vampire Gladiator began the quest for the
                  | Orb.
     0 | D:1      | Reached XP level 1. HP: 16/16 MP: 1/1
   123 | D:1      | Reached XP level 2. HP: 8/17 MP: 2/2
   545 | D:1      | Gained mutation: You are afflicted with vampirism and can
                  | become a bat while bloodless. [Vampire growth]
   545 | D:1      | Reached XP level 3. HP: 24/24 MP: 3/3
   694 | D:2      | Found a faded altar of an unknown god.
   816 | D:2      | Noticed Terence
   863 | D:2      | Slain by Terence

Illustrated notes

Levels and vault maps discovered:
D:1:      sevenhm_arrival_forest_fort_large_2, layout_rooms
D:2:      layout_basic, nicolae_ecumenical_pavilion, uniq_terence

Skill      XL: |  1  2 |
---------------+-------+-----
Fighting       | 2 |  2.4
Throwing       | 2 |  2.1
Short Blades   | |  3.8
Dodging        | |  3.8

Action                     || total
---------------------------++-------
  Melee: Rapier            ||   132
         Bite              ||    12
Ability: Exsanguinate      ||     1
         Revivify          ||     1
   Stab: Sleeping          ||     3
 Armour: Leather armour    ||    41
  Dodge: Dodged            ||   117

Table legend: (Time is in decaauts)
 A = Elapsed time spent in this place.
 B = Non-inter-level travel time spent in this place.
 C = Inter-level travel time spent in this place.
 D = Time resting spent in this place.
 E = Time spent auto-exploring this place.
 F = Levels seen in this place.
 G = Mean time per level.
                   A        B        C        D        E       F      G
               +--------+--------+--------+--------+--------+-----+--------+
         Total |    865 |    820 |     45 |      0 |    549 |   2 |  432.5 |
       Dungeon |    865 |    820 |     45 |      0 |    549 |   2 |  432.5 |
               +--------+--------+--------+--------+--------+-----+--------+

Top non-repeatable levels by time:
     D:1: 696 daAuts
     D:2: 169 daAuts
